Map: [ESL] Hard Lead

Players

Lambo

  • Race: Zerg Zerg
  • Spawn Location: 5:00

Wayne - Winner!

  • Race: Zerg Zerg
  • Spawn Location: 11:00

Event: ESL SC2 Masters 2023 Winter (Regional)

VOD

Have the link to the VOD?

Description

Time

  • Played on: Nov. 11, 2023, 8:24 a.m.
  • Length: 8:23

All games in this series

Show
View Real Time Build Order
Export as new Build Order

Lambo Zerg 

Build Orders: Hatch First 

Get SALT Encoding   

  12  0:00  Drone  
  13  0:12  Overlord  
  13  0:18  Drone  
  14  0:30  Drone x2  
  16  0:47  Hatchery  
  15  0:50  Drone  
  15  0:54  Drone  
  15  0:57  Drone  
  18  1:07  Extractor  
  17  1:12  Spawning Pool  
  17  1:15  Drone  
  18  1:18  Drone  
  18  1:27  Drone  
  19  1:38  Drone  
  20  1:49  Drone  
  21  1:58  Queen  
  21  1:59  Zergling x2, Queen, Overlord  
  26  2:07  Metabolic Boost  
  26  2:10  Drone x2  
  28  2:21  Drone  
  28  2:22  Zergling x2  
  30  2:31  Drone  
  30  2:32  Drone  
  32  2:38  Hatchery  
  32  2:41  Drone  
  32  2:44  Baneling Nest  
  31  2:52  Overlord  
  31  2:56  Drone x2  
  33  3:05  Drone  
  34  3:06  Zergling x2  
  34  3:07  Drone  
  34  3:10  Queen  
  38  3:13  Zergling x4  
  38  3:15  Overlord  
  38  3:17  Drone  
  41  3:20  Drone  
  41  3:23  Drone  
  41  3:26  Drone  
  44  3:28  Baneling  
  44  3:32  Roach Warren  
  44  3:33  Drone  
  44  3:35  Drone  
  44  3:38  Drone x2  
  47  3:41  Drone  
  47  3:42  Drone  
  47  3:45  Drone, Extractor  
  49  3:50  Drone  
  49  3:51  Drone  
  49  3:53  Drone x2  
  53  3:59  Overlord  
  53  4:02  Drone x2  
  55  4:06  Overlord  
  55  4:09  Drone x2  
  56  4:10  Lair  
  56  4:11  Drone  
  57  4:19  Drone x4  
  57  4:21  Drone, Overlord  
  57  4:24  Drone  
  63  4:25  Extractor  
  63  4:26  Overlord  
  63  4:28  Drone  
  63  4:36  Evolution Chamber  
  62  4:40  Drone x4  
  62  4:42  Pneumatized Carapace  
  62  4:43  Drone x2  
  68  4:46  Overlord  
  68  4:47  Extractor  
  68  4:51  Overlord  
  67  4:53  Drone x2  
  67  4:54  Roach x3  
  67  4:56  Drone  
  67  4:59  Drone x2  
  77  5:03  Drone x2  
  77  5:06  Extractor  
  77  5:07  Drone, Extractor  
  77  5:08  Zerg Missile Weapons Level 1  
  77  5:10  Overseer  
  77  5:15  Drone x5  
  77  5:21  Drone  
  83  5:23  Baneling x4  
  83  5:25  Hatchery  
  83  5:28  Drone  
  83  5:32  Evolution Chamber  
  83  5:35  Roach x5  
  92  5:38  Overlord  
  92  5:39  Overlord  
  92  5:41  Overlord  
  92  5:45  Roach x2  
  92  5:47  Overlord  
  96  5:51  Drone  
  96  5:52  Infestation Pit  
  96  5:54  Roach x2  
  100  5:57  Roach x2  
  100  5:58  Drone  
  100  6:03  Roach x2  
  109  6:05  Drone x2  
  109  6:06  Zerg Ground Armor Level 1  
  109  6:09  Glial Reconstitution  
  109  6:10  Drone x2  
  113  6:13  Overlord  
  113  6:16  Drone  
  113  6:18  Overlord  
  114  6:20  Roach x3  
  119  6:26  Roach x3  
  124  6:37  Infestor x2  
  124  6:38  Spore Crawler  
  124  6:39  Spore Crawler x2  
  125  6:40  Spore Crawler  
  125  6:42  Roach x4  
  125  6:44  Queen  
  125  6:47  Drone  
  135  6:52  Roach  
  135  6:53  Zergling x2  
  136  6:56  Roach x4  
  136  6:58  Drone x2  
  136  7:00  Extractor  
  147  7:02  Ravager  
  147  7:06  Roach  
  146  7:10  Roach x4  
  146  7:13  Roach  
  146  7:14  Roach x3  
  151  7:18  Roach x3  
  151  7:19  Roach x2  
  147  7:25  Roach x2  
  151  7:35  Roach x5  
  143  7:37  Roach  
  143  7:42  Roach  
  125  7:45  Roach x3  
  121  7:52  Roach  
  121  7:55  Roach  
  121  7:56  Roach x2  
  121  8:04  Roach  
Show
View Real Time Build Order
Export as new Build Order

Wayne Zerg - Winner!

Build Orders: Hatch First 

Get SALT Encoding   

  12  0:00  Drone  
  13  0:12  Overlord  
  13  0:17  Drone  
  14  0:31  Drone x2  
  16  0:47  Hatchery  
  15  0:50  Drone  
  15  0:54  Drone  
  17  0:57  Drone  
  18  1:08  Extractor  
  17  1:12  Spawning Pool  
  17  1:15  Drone  
  18  1:18  Drone  
  18  1:28  Drone  
  19  1:38  Drone  
  20  1:49  Drone  
  21  1:59  Queen x2  
  21  2:00  Zergling x2, Overlord  
  26  2:10  Drone  
  26  2:11  Drone  
  26  2:12  Metabolic Boost  
  28  2:21  Zergling x2  
  28  2:22  Drone  
  30  2:31  Hatchery  
  30  2:33  Drone  
  30  2:36  Drone  
  31  2:42  Baneling Nest  
  30  2:44  Drone  
  30  2:48  Drone  
  32  2:53  Overlord  
  32  2:56  Drone  
  33  3:05  Drone  
  34  3:07  Drone x2  
  36  3:13  Drone  
  36  3:14  Zergling x4  
  36  3:15  Zergling x2  
  36  3:17  Overlord  
  36  3:18  Drone  
  41  3:25  Drone  
  41  3:26  Baneling  
  42  3:28  Drone  
  42  3:32  Spore Crawler, Queen  
  45  3:34  Overlord  
  45  3:39  Drone x3  
  48  3:42  Drone x2  
  50  3:49  Roach Warren  
  50  3:51  Extractor, Drone  
  50  3:52  Drone  
  50  3:55  Drone x2  
  50  3:59  Overlord  
  50  4:01  Drone  
  52  4:06  Overlord  
  52  4:09  Drone x3  
  55  4:18  Drone x4  
  55  4:22  Lair  
  55  4:23  Extractor  
  58  4:24  Extractor  
  58  4:25  Drone x2  
  58  4:28  Drone  
  60  4:34  Evolution Chamber  
  60  4:36  Drone x2  
  60  4:38  Drone  
  62  4:43  Drone x3  
  65  4:45  Drone  
  65  4:46  Drone x5  
  65  4:49  Drone  
  65  4:50  Drone  
  73  4:52  Overlord  
  73  4:59  Overlord  
  73  5:00  Zerg Missile Weapons Level 1  
  76  5:07  Roach x2  
  76  5:11  Extractor, Roach x2  
  76  5:13  Extractor  
  78  5:17  Overlord  
  78  5:18  Drone  
  78  5:19  Drone x5  
  84  5:21  Glial Reconstitution  
  84  5:22  Spire  
  84  5:24  Overseer  
  84  5:26  Drone  
  84  5:33  Overlord, Hatchery  
  83  5:36  Drone  
  83  5:41  Roach x5  
  94  5:48  Overlord  
  94  5:57  Overlord  
  94  6:01  Roach x8  
  108  6:10  Overlord  
  107  6:13  Roach x2  
  107  6:15  Overlord  
  111  6:22  Overlord  
  108  6:28  Roach x7  
  119  6:33  Ravager  
  119  6:34  Ravager x3  
  119  6:37  Roach  
  119  6:38  Roach x3  
  131  6:42  Roach x2  
  131  6:46  Roach x2  
  139  6:51  Roach x7  
  153  6:54  Overlord  
  153  6:56  Overlord  
  153  6:58  Roach  
  153  7:01  Roach x2  
  155  7:13  Overlord  
  147  7:17  Roach x5  
  145  7:26  Roach  
  145  7:27  Roach x4  
  151  7:33  Roach x6  
  151  7:37  Roach  
  151  7:38  Roach  
  151  7:40  Roach  
  145  7:45  Roach  
  145  7:46  Roach x2  
  143  7:53  Roach x4  
  143  7:57  Roach  
  151  8:03  Roach x2  
  151  8:04  Overseer, Roach  
Tags
 
Add a new tag
Caveats
  • Supply blocks, unpowered buildings, or Contaminate may cause inaccurate times.
  • Supply counts are checked every 10 seconds.